 Dungeon Crawl Stone Soup version 0.19.1 (webtiles) character file.

217 Enzo the Slasher (level 5, 0/32 HPs)
             Began as a Deep Elf Fighter on Nov 28, 2016.
             Slain by Purgy (2 damage)
             ... on level 3 of the Dungeon.
             The game lasted 00:13:40 (2398 turns).

Enzo the Slasher (Deep Elf Fighter)                 Turns: 2398, Time: 00:13:41

Health: 0/32       AC: 11    Str: 14    XL:     5   Next: 62%
Magic:  7/7        EV:  4    Int: 13    God:
Gold:   146        SH: 10    Dex: 14    Spells: 0 memorised, 4 levels left

rFire  . . .     SeeInvis .     a - +0 long sword
rCold  . . .     Gourm    .     l - +2 chain mail {rPois}
rNeg   . . .     Faith    .     c - +1 shield
rPois  +         Spirit   .     (no helmet)
rElec  .         Reflect  .     (no cloak)
rCorr  .         Harm     .     (no gloves)
MR     .....                    (no boots)
Stlth  ..........               (no amulet)
                                (no ring)
                                (no ring)

@: no status effects
A: no striking features
a: no special abilities


You were on level 3 of the Dungeon.
You were not hungry.

You visited 1 branch of the dungeon, and saw 3 of its levels.
You also visited: Sewer.

You collected 146 gold pieces.

Inventory:

Hand Weapons
 a - a +0 long sword (weapon)
 b - a +0 short sword of speed
Missiles
 o - 2 javelins (quivered)
Armour
 c - a +1 shield (worn)
 h - a +0 ring mail of cold resistance
 l - a +2 chain mail of poison resistance (worn)
Scrolls
 e - a scroll of teleportation {unknown}
 m - a scroll of identify
Potions
 i - 2 potions of brilliance
Comestibles
 d - a beef jerky
 f - 2 bread rations
 g - 2 meat rations


   Skills:
 + Level 2.8 Fighting
 + Level 3.6 Long Blades
 + Level 3.4 Armour
 + Level 0.2 Dodging
 + Level 0.3 Stealth
 + Level 3.2 Shields


You had 4 spell levels left.
You didn't know any spells.

Dungeon Overview and Level Annotations

Branches:
Dungeon (3/15)

Altars:

Annotations:
D:3 Purgy


Message History

Purgy is heavily wounded.
You block Purgy's attack. Purgy claws you but does no damage. Purgy claws you.
* * * LOW HITPOINT WARNING * * *
Purgy bites you but does no damage. You block Purgy's attack. Purgy claws you.
* * * LOW HITPOINT WARNING * * *
Purgy bites you but does no damage. Purgy barely misses you.
You block Purgy's attack.
There is an empty arch of ancient stone here.
There is a gate leading back out of this place here.
You block Purgy's attack. Purgy claws you but does no damage. x2
Welcome back to the Dungeon!
There is a collapsed entrance here.
You enter the shallow water.
Moving in this stuff is going to be slow.
Purgy bites you but does no damage. Purgy claws you but does no damage.
You block Purgy's attack. Purgy bites you.
* * * LOW HITPOINT WARNING * * *
Purgy claws you but does no damage. Purgy claws you.
You die...

........'........##
........#.....#...#
........#.....#≈≈≈#
........#####†#≈≈≈#
..).....#####.#≈≈≈#
#'###......##.#≈≈≈#
.## ##.###†##.#≈.≈#
## ### #.##.#≈T≈#
#.##.#≈@≈#
####.#≈≈≈# #.#≈≈≈#
###...# #....
#.#### #. ##


You could see Purgy.

Vanquished Creatures
  The ghost of usscaptain the Cudgeler, an amateur GrBe of Trog (D:3)
  Terence (D:3)
  2 adders
  2 oozes
  2 dart slugs
  A worm (D:2)
  2 leopard geckos
  2 bats
  5 giant cockroaches (D:3)
  2 goblins
  2 hobgoblins (D:2)
  7 jackals
  9 kobolds
  A quokka (D:2)
  2 frilled lizards
  2 rats
43 creatures vanquished.

Notes
Turn   | Place    | Note
-------+----------+-------------------------------------------
     0 | D:1      | Enzo the Deep Elf Fighter began the quest for the Orb.
     0 | D:1      | Reached XP level 1. HP: 13/13 MP: 3/3
   765 | D:1      | Reached XP level 2. HP: 18/18 MP: 4/4
  1321 | D:1      | Reached XP level 3. HP: 7/22 MP: 5/5
  2061 | D:3      | Noticed Terence
  2076 | D:3      | Killed Terence
  2076 | D:3      | Reached XP level 4. HP: 27/27 MP: 6/6
  2078 | D:3      | Noticed usscaptain's ghost (amateur GrBe)
  2138 | D:3      | Killed usscaptain's ghost
  2138 | D:3      | Reached XP level 5. HP: 19/31 MP: 7/7
  2172 | D:3      | Found a glowing drain.
  2203 | Sewer    | Entered a sewer
  2364 | Sewer    | Noticed Purgy
  2398 | D:3      | Slain by Purgy

Skill      XL: |  1  2  3  4 |
---------------+-------------+-----
Long Blades    | 2 3 |  3.6
Armour         | 3 |  3.4
Shields        | 3 |  3.2
Fighting       | |  2.8
Dodging        | |  0.2
Stealth        | |  0.3

Action                   |  1- 3 |  4- 6 || total
-------------------------+-------+-------++-------
Melee: Long sword        |   128 |    67 ||   195
  Use: Potion            |     1 |     1 ||     2
       Scroll            |     4 |       ||     4
  Eat: Chunk             |     4 |     1 ||     5
Armor: Scale mail        |    10 |       ||    10
       Chain mail        |    56 |    89 ||   145
Dodge: Dodged            |    17 |    21 ||    38
Block: Shield            |    71 |    65 ||   136
       Rpst.: Long sword |     1 |     6 ||     7
